 Dungeon Crawl Stone Soup version 0.30-b1-2-g02819fbbbe (webtiles) character file.

Game seed: 5128301529560780890

91 Alarkh the Shooter (level 4, -2/33 HPs)
             Began as a Demonspawn Hunter on May 23, 2023.
             Slain by a gnoll
             ... wielding a +0 flail
              (7 damage)
             ... on level 1 of the Dungeon.
             The game lasted 00:01:26 (1455 turns).

Alarkh the Shooter (Demonspawn Hunter)              Turns: 1455, Time: 00:01:27

Health: -2/33      AC:  4    Str:  9 (12) XL:     4   Next: 34%
Magic:  4/4        EV: 11    Int: 10 (12) God:
Gold:   78         SH:  0    Dex: 15 (16) Spells: 3/3 levels left

rFire   . . .        a - +0 shortbow
rCold   . . .        (shield currently unavailable)
rNeg    . . .        c - +0 leather armour
rPois   .            (no helmet)
rElec   .            (no cloak)
rCorr   .            e - +0 pair of gloves
SInv    .            (no boots)
Will    .....        (no amulet)
Stlth   +            (no ring)
HPRegen 0.25/turn    (no ring)
MPRegen 0.09/turn

%: no passive effects
@: no status effects
A: demonic magic 1
a: no special abilities


You were on level 1 of the Dungeon.
You visited 1 branch of the dungeon, and saw 2 of its levels.

You collected 78 gold pieces.

Inventory:

Hand Weapons
 a - a +0 shortbow (weapon)
 b - a +0 dagger
Armour
 c - a +0 leather armour (worn)
 e - a +0 pair of gloves (worn)
Jewellery
 j - the ring of Vophiupn {rC+ Int+6}
   (You found it on level 2 of the Dungeon)

   [ring of intelligence]

   Int:       It affects your intelligence (+6).
   rC:        It protects you from cold.
 m - a +4 ring of protection
Scrolls
 g - a scroll of brand weapon {unknown}
 i - a scroll of immolation
 k - 2 scrolls of identify {unknown}
 l - a scroll of acquirement {unknown}
 n - a scroll of torment {unknown}
Potions
 d - 2 potions of degeneration
 f - a potion of invisibility {unknown}
 h - a potion of mutation {unknown}
 o - a potion of might {unknown}


   Skills:
 - Level 2.0 Fighting
 + Level 5.3 Ranged Weapons
 - Level 1.7 Dodging
 - Level 0.8 Stealth


You had 3 spell levels left.
You didn't know any spells.
Your spell library was empty.

Dungeon Overview and Level Annotations

Branches:
Dungeon (2/15)

Altars:

Shops:
D:1 *

Annotations:
D:2 Natasha


Innate Abilities, Weirdness & Mutations

Spells you cast may paralyse adjacent enemies.


Message History

You shoot an arrow. The arrow hits the gnoll.
The gnoll is lightly wounded.
The gnoll barely misses you.
Natasha casts a spell.
You shoot an arrow. The arrow barely misses the gnoll.
The arrow barely misses Natasha.
The arrow hits the cerulean imp.
The cerulean imp is heavily wounded.
The gnoll closely misses you.
You shoot an arrow. The arrow barely misses the gnoll.
The arrow hits Natasha!
Natasha is heavily wounded.
The gnoll hits you with a +0 flail. The gnoll barely misses you.
You shoot an arrow.
The arrow hits the gnoll but does no damage.
The gnoll is lightly wounded.
The gnoll misses you.
You shoot an arrow. The arrow barely misses the gnoll.
The arrow closely misses Natasha.
The arrow barely misses the cerulean imp.
The gnoll barely misses you.
Natasha zaps a wand.
The roots erupt in riotous growth!
The gnoll is unaffected.
Natasha is unaffected.
The grasping roots grab you! The grasping roots constrict you.
You are too injured to fight recklessly!
It was a potion of degeneration.
There was something very wrong with that liquid.
You feel weakened.
You feel dopey.
You feel clumsy. The gnoll hits you with a +0 flail.
The grasping roots constrict you.
The grasping roots release their grip on you.
There is a stone staircase leading up here.
The gnoll hits you with a +0 flail.
* * * LOW HITPOINT WARNING * * *
You climb upwards.
There is a stone staircase leading down here.
Fire: a) +0 shortbow
Press: ? - help, Q - select action Shift-Dir - straight line, f - gnoll
Aim: a gnoll, wielding a +0 flail (lightly wounded, 65% to hit)
You shoot an arrow. The arrow barely misses the gnoll.
The gnoll hits you with a +0 flail!
You die...

######## .......#
########
.#####.####......#
.##......##.####.#
.##.##.#.##.# #.#
.##.##.#.##.# #@#
.......#.##.# #g#
###.####....# #.#
....######### #.#
#####....†..# #.#
# #.......# #.# #
#......[# #.# #
#.......# ##.# #
#.......###..#


You could see a gnoll.

Vanquished Creatures
  2 gnolls (D:2)
  3 adders (D:2)
  2 worms (D:2)
  A dart slug (D:2)
  An orc (D:2)
  3 bats
  2 endoplasms (D:1)
  2 giant cockroaches
  3 hobgoblins (D:1)
  3 jackals (D:2)
  A quokka (D:1)
  5 ball pythons
  A frilled lizard (D:1)
  3 goblins
  A kobold (D:2)
  2 rats (D:2)
35 creatures vanquished.

Notes
Turn   | Place    | Note
-------+----------+-------------------------------------------
     0 | D:1      | Alarkh the Demonspawn Hunter began the quest for the Orb.
     0 | D:1      | Reached XP level 1. HP: 16/16 MP: 1/1
   157 | D:1      | Reached skill level 4 in Ranged Weapons
   216 | D:1      | Gained mutation: Spells you cast may paralyse adjacent
                  | enemies. [demonic ancestry]
   216 | D:1      | Reached XP level 2. HP: 22/22 MP: 2/2
   455 | D:1      | Found Qoepsouz's Assorted Antiques.
   791 | D:2      | Identified the ring of Vophiupn {rC+ Int+6}
   872 | D:2      | Reached XP level 3. HP: 27/27 MP: 3/3
  1267 | D:2      | Reached skill level 5 in Ranged Weapons
  1365 | D:2      | Reached XP level 4. HP: 30/33 MP: 4/4
  1433 | D:2      | Noticed Natasha
  1455 | D:1      | Slain by a gnoll

Illustrated notes

Levels and vault maps discovered:
D:1:      dpeg_arrival_tiny_c, layout_loops_cross, serial_shops, shop
D:2:      layout_loops_corners, solitary_fountain, uniq_natasha

Skill      XL: |  1  2  3 |
---------------+----------+-----
Ranged Weapons | 4 5 |  5.3
Fighting       | |  2.0
Dodging        | |  1.7
Stealth        | |  0.8

Action                     |  1- 3 |  4- 6 || total
---------------------------+-------+-------++-------
   Fire: Shortbow          |    95 |    16 ||   111
    Use: Potion            |       |     1 ||     1
 Armour: Leather armour    |    23 |     1 ||    24
  Dodge: Dodged            |    54 |    10 ||    64
